 Dungeon Crawl Stone Soup version 0.30.0-5-g1a98f26d00 (webtiles) character file.

Game seed: 7014283370290817894

109 Acheron the Chopper (level 4, -3/31 HPs)
             Began as an Octopode Chaos Knight on May 8, 2023.
             Was a Plaything of Xom.
             Slain by an adder (4 damage)
             ... on level 4 of the Dungeon.
             The game lasted 00:05:20 (1640 turns).

Acheron the Chopper (Octopode Chaos Knight)         Turns: 1640, Time: 00:05:21

Health: -3/31      AC:  1    Str: 11    XL:     4   Next: 90%
Magic:  5/5        EV: 14    Int: 14    God:    Xom [......]
Gold:   105        SH:  0    Dex: 13    Spells: 5/5 levels left

rFire   . . .        c - +0 war axe
rCold   . . .        (no shield)
rNeg    . . .        (helmet restricted)
rPois   .            (no amulet)
rElec   .            (no ring)
rCorr   .            (no ring)
SInv    .            (no ring)
Will    .....        (no ring)
Stlth   +++++        (no ring)
HPRegen 0.25/turn    (no ring)
MPRegen 0.09/turn    (no ring)
                     (no ring)

%: no passive effects
@: lethally poisoned (-3 -> -5), especially stealthy
A: almost no armour, amphibious, 8 rings, camouflage 1, gelatinous body 1,
(nimble swimmer 1), tentacles
a: Renounce Religion


You were on level 4 of the Dungeon.
You worshipped Xom.
You were a very special plaything of Xom.
You visited 1 branch of the dungeon, and saw 5 of its levels.

You collected 105 gold pieces.

Inventory:

Hand Weapons
 a - a +0 hand axe of chaos
 c - a +0 war axe (weapon)
 d - a +0 hand axe
Jewellery
 h - a ring of fire
Scrolls
 g - a scroll of teleportation
Potions
 e - a potion of lignification
 f - 2 potions of magic
 i - a potion of heal wounds {unknown}
Miscellaneous
 b - a piece from Xom's chessboard (15/15) (quivered)


   Skills:
 + Level 3.3 Fighting
 + Level 3.6 Axes
 * Level 3.1 Dodging
 * Level 3.0 Stealth
 * Level 1.0 Spellcasting
 * Level 1.1 Evocations


You had 5 spell levels left.
You didn't know any spells.
Your spell library contained the following spells:

 Spells                   Type           Power      Damage    Failure   Level
 Inner Flame              Hex/Fire       0%         N/A       61%         3
 Flame Wave               Conj/Fire      0%         2d4       95%         4
 Sticky Flame             Conj/Fire      0%         2d3       95%         4
 Alistair's Intoxication  Tmut/Pois      0%         N/A       100%        5
 Borgnjor's Vile Clutch   Necr/Erth      0%         N/A       100%        5
 Eringya's Noxious Bog    Tmut/Pois      0%         N/A       100%        6


Dungeon Overview and Level Annotations

Branches:
Dungeon (5/15)
 Temple: D:4-7

Altars:
Sif Muna

Annotations:
D:4 exclusion: downstairs


Innate Abilities, Weirdness & Mutations

You cannot wear most types of armour.
You are amphibious.
You can wear up to eight rings at the same time.
Your skin changes colour to match your surroundings (Stealth+).
Your rubbery body absorbs attacks. (AC +1, EV +1)
((You are camouflaged when in or above water. (Stealth+)))
You have tentacles for arms and can constrict up to eight enemies at once.


Message History

Natasha hisses angrily.
Xom alters the dungeon around you.
Nothing appears to happen.
You hear an angry hiss.
An adder comes into view.
You hit Natasha. Your grab misses Natasha. You squeeze Natasha.
Natasha is lightly wounded.
Natasha claws you. Natasha casts a spell at you. The magic dart hits you.
You closely miss Natasha. You grab Natasha.
Natasha is lightly wounded.
You constrict Natasha. "Hum-dee-hum-dee-hum..."
Natasha seems to speed up.
Natasha mumbles some strange words.
The adder bites you. Natasha claws you.
You slash Natasha! You squeeze Natasha.
You kill Natasha!
Natasha growls in agony!
The cerulean imp disappears in a puff of smoke!
You barely miss the adder. The adder bites you. x2
* * * LOW HITPOINT WARNING * * *
Your Stealth skill increases to level 3!
Your Spellcasting skill increases to level 1!
Unknown command.
You completely miss the adder. You grab the adder. You constrict the adder.
The adder barely misses you.
You completely miss the adder.
The adder is moderately wounded.
You constrict the adder. The adder bites you.
* * * LOW HITPOINT WARNING * * *
You are poisoned.
The adder poisons you! The adder closely misses you.
You completely miss the adder.
The adder is heavily wounded.
You constrict the adder.
You feel sick. The adder bites you.
* * * LOW HITPOINT WARNING * * *
The adder bites you.
You die...

### #.### ### ###
#... ..#
#.###.####..#
#####.##.....#..#
.......>......S.#####
#####.#..##..@†....=.
#.#...#...###(###
#.#...#.### #.......#
##.#.##.....
#..#.##..###
#....##...#
#######..#.# ..#
#<)......#.# .#


You could see an adder.

Vanquished Creatures
  Natasha (D:4)
  An adder (D:2)
  2 worms (D:2)
  2 dart slugs
  An orc (D:3)
  3 endoplasms
  6 giant cockroaches
  2 goblins
  3 hobgoblins (D:2)
  12 jackals (D:1)
  3 quokkas (D:1)
  4 ball pythons
  7 bats
  2 frilled lizards (D:1)
  3 kobolds
  8 rats
60 creatures vanquished.

Notes
Turn   | Place    | Note
-------+----------+-------------------------------------------
     0 | D:1      | Acheron the Octopode Chaos Knight began the quest for the
                  | Orb.
     0 | D:1      | Reached XP level 1. HP: 16/16 MP: 1/1
   122 | D:1      | Reached XP level 2. HP: 21/21 MP: 2/2
   373 | D:1      | Reached XP level 3. HP: 26/26 MP: 3/3
   409 | D:1      | Reached skill level 1 in Stealth
   629 | D:1      | XOM: divination: magic mapping
   649 | D:1      | XOM: silly message
   803 | D:1      | You fall into a shaft and drop 1 floor!
   814 | D:2      | XOM: 2-stop teleportation journey
   824 | D:2      | Reached skill level 1 in Evocations
   824 | D:2      | Reached XP level 4. HP: 31/31 MP: 3/5
   964 | D:2      | Found a shimmering blue altar of Sif Muna.
  1151 | D:2      | XOM: 2-stop teleportation journey
  1626 | D:5      | XOM: stealth player
  1626 | D:5      | Entered Level 5 of the Dungeon
  1629 | D:4      | Noticed Natasha
  1636 | D:4      | XOM: enchant monster (bad)
  1637 | D:4      | Killed Natasha
  1638 | D:4      | Reached skill level 1 in Spellcasting
  1640 | D:4      | HP: 1/31 [adder (4)]
  1640 | D:4      | Slain by an adder

Illustrated notes

Levels and vault maps discovered:
D:1:      sevenhm_arrival_forest_fort_large_2, layout_basic
D:2:      layout_loops_ring, basic_altar, grunt_ministairs_8
D:3:      layout_basic, lemuel_crystal_altar, ebering_ghost_disaster_area
D:4:      layout_basic, mainiacjoe_overflow_brackets, serial_curves,
          eino_curves_04, eino_curves_01, uniq_natasha
D:5:      layout_rooms

Skill      XL: |  1  2  3  4 |
---------------+-------------+-----
Stealth        | 2 3 |  3.0
Evocations     | 1 |  1.1
Dodging        | 3 |  3.1
Spellcasting   | 1 |  1.0
Fighting       | |  3.3
Axes           | |  3.6

Action                     |  1- 3 |  4- 6 || total
---------------------------+-------+-------++-------
  Melee: Hand axe          |    79 |    14 ||    93
         Constrict         |    22 |    11 ||    33
         Tentacles         |    18 |     7 ||    25
         War axe           |       |    20 ||    20
    Use: Scroll            |       |     7 ||     7
   Stab: Sleeping          |     9 |     3 ||    12
 Armour: Skin              |    11 |     2 ||    13
  Dodge: Dodged            |    60 |    18 ||    78
